cohdb
Replays
Latest Replays
All Replays
Popular Replays
Top Player Replays
Match Explorer
How It Works
Community
CoH3 Stats
Reddit
Sign in to upload your games and track your stats! →
Sign in with Steam
Match 45631772
Unlisted
Match 45631772
Overview
Messages
Build Orders
End
Construct Infanterie Kompanie
Grenadier Squad
Grenadier Squad
Grenadier Squad
Construct Luftwaffe Kompanie
Jäger Squad
Selects Breakthrough Battlegroup
Selects Assault Grenadiers
Selects Rapid Production
Flak 30 Anti-aircraft Gun Team
Jäger Squad
Support Elements
Wirbelwind Flakpanzer
Pioneer Squad
Selects Blitzkrieg
Wirbelwind Flakpanzer
Side Skirts
Jäger Squad
Selects Tiger Heavy Tank
Tiger Heavy Tank
カルト_くん
Niker1
GenevaSuggestion
Democracy
0
0
Comments
sign in to comment!
No comments posted yet!